[ AOE2 MATCH · #483499013 ]
UnrankedCelts vs Poles
[ REPLAY ANALYSIS · EXTRACTED FROM THE RECORDED GAME ]
Feudal
12:09
Castle
17:16
Imperial
—
| APM avg | 13.1 |
| APM peak | 31 |
| eAPM avg | 9.4 |
| Villagers / military | 110 / 10 |
Focus
⚔️ 10.6% · 🌾 89.4%
Battering Ram ×4 · Militia ×3 · Skirmisher ×3
Feudal
11:01
Castle
14:50
Imperial
30:02
| APM avg | 13.8 |
| APM peak | 34 |
| eAPM avg | 9.7 |
| Villagers / military | 131 / 130 |
Focus
⚔️ 20.5% · 🌾 79.5%
Boyar ×130
Feudal
12:02
Castle
16:09
Imperial
31:06
| APM avg | 19.0 |
| APM peak | 41 |
| eAPM avg | 13.5 |
| Villagers / military | 128 / 269 |
Focus
⚔️ 37.9% · 🌾 62.1%
Knight ×161 · Scout Cavalry ×93 · Obuch ×5 · Spearman ×2 · Trebuchet (Packed) ×2 · Bombard Cannon ×2
Feudal
11:08
Castle
15:36
Imperial
32:29
| APM avg | 27.3 |
| APM peak | 55 |
| eAPM avg | 15.4 |
| Villagers / military | 128 / 152 |
Focus
⚔️ 36.8% · 🌾 63.2%
Knight ×70 · Hand Cannoneer ×62 · Teutonic Knight ×14 · Monk ×4 · Trebuchet (Packed) ×2
Feudal
11:26
Castle
15:37
Imperial
29:16
| APM avg | 16.8 |
| APM peak | 43 |
| eAPM avg | 14.4 |
| Villagers / military | 155 / 162 |
Focus
⚔️ 43.7% · 🌾 56.3%
Tarkan ×128 · Scout Cavalry ×32 · Trebuchet (Packed) ×2
Feudal
10:36
Castle
15:10
Imperial
29:15
| APM avg | 23.5 |
| APM peak | 66 |
| eAPM avg | 14.7 |
| Villagers / military | 134 / 163 |
Focus
⚔️ 23.7% · 🌾 76.3%
Spearman ×145 · Monk ×8 · Bombard Cannon ×8 · Mangonel ×2
Feudal
11:50
Castle
17:09
Imperial
29:13
| APM avg | 26.7 |
| APM peak | 65 |
| eAPM avg | 18.3 |
| Villagers / military | 129 / 48 |
Focus
⚔️ 20.1% · 🌾 79.9%
Steppe Lancer ×22 · Spearman ×16 · Mangudai ×6 · Trebuchet (Packed) ×4
Feudal
12:27
Castle
18:53
Imperial
37:56
| APM avg | 10.4 |
| APM peak | 23 |
| eAPM avg | 9.2 |
| Villagers / military | 107 / 48 |
Focus
⚔️ 21.5% · 🌾 78.5%
Spearman ×43 · Trade Cart ×10 · Battering Ram ×5
Match map
Initial resources + every placement click. Lines = walls · curves = elevation contours. ◆ gold · ⬟ stone · ● berries · ✦ relic · ◌ wall gap
Your base· ✓ Closed at 17:16 · 0t walls · 2 gate(s)
NippurErrante's base· ✓ Closed at 14:50 · 0t walls · 2 gate(s)
Esquilax's base· ✓ Closed at 16:09 · 4t walls · 3 gate(s)
=Vinke='s base· ✓ Closed at 15:36 · 0t walls · 2 gate(s)
acc0041's base· ✓ Closed at 15:37 · 0t walls · 2 gate(s)
Lea's base· ✓ Closed at 15:10 · 0t walls · 2 gate(s)
jesica3344's base· ✓ Closed at 17:09 · 0t walls · 2 gate(s)
Gsamp's base· ✓ Closed at 18:53 · 0t walls · 2 gate(s)
Smoothed initial terrain · ◌ = detected wall gap · hover for details
Inputs per minute
— Data - - NippurErrante
Build order — Data
First 150 of 217 actions detected
| 0:02 | Create | Villager (Male) ×4 |
| 0:02 | Create | Villager (Male) ×4 |
| 0:05 | Build | House |
| 0:07 | Build | House |
| 1:59 | Build | Lumber Camp |
| 2:03 | Create | Villager (Male) |
| 2:04 | Create | Villager (Male) |
| 2:04 | Create | Villager (Male) |
| 2:23 | Create | Villager (Male) |
| 2:23 | Create | Villager (Male) |
| 2:56 | Create | Villager (Male) |
| 2:57 | Create | Villager (Male) |
| 3:31 | Create | Villager (Male) |
| 3:31 | Create | Villager (Male) |
| 3:48 | Create | Villager (Male) |
| 3:48 | Create | Villager (Male) |
| 4:14 | Build | House |
| 4:28 | Build | Mill |
| 4:44 | Research | Loom |
| 4:58 | Create | Villager (Male) |
| 5:33 | Create | Villager (Male) |
| 5:34 | Create | Villager (Male) |
| 5:59 | Create | Villager (Male) |
| 6:43 | Create | Villager (Male) |
| 6:44 | Create | Villager (Male) |
| 6:45 | Create | Villager (Male) |
| 7:09 | Create | Villager (Male) |
| 7:23 | Create | Villager (Male) |
| 7:23 | Create | Villager (Male) |
| 7:33 | Build | House |
| 9:13 | Create | Villager (Male) |
| 9:27 | Build | Mining Camp |
| 9:55 | Research | Feudal Age |
| 11:07 | Build | Farm |
| 11:47 | Build | Farm |
| 12:09 | Age | Feudal Age |
| 12:12 | Research | Wheelbarrow |
| 12:15 | Research | Double-Bit Axe |
| 12:29 | Build | Blacksmith |
| 12:43 | Create | Villager (Male) |
| 13:18 | Build | Market |
| 13:25 | Build | House |
| 13:36 | Build | House |
| 13:54 | Build | Farm |
| 14:04 | Build | Lumber Camp |
| 14:09 | Build | Farm |
| 14:36 | Research | Castle Age |
| 14:44 | Build | House |
| 15:07 | Build | Mining Camp |
| 15:38 | Build | Watch Tower |
| 16:01 | Build | Barracks |
| 17:16 | Age | Castle Age |
| 17:19 | Build | Town Center |
| 17:36 | Build | Town Center |
| 17:51 | Create | Villager (Male) |
| 18:28 | Build | Town Center |
| 18:31 | Research | Hand Cart |
| 18:33 | Create | Villager (Male) |
| 18:55 | Build | Farm |
| 19:03 | Build | Farm |
| 19:23 | Create | Villager (Male) |
| 19:31 | Build | Farm |
| 19:51 | Create | Villager (Male) |
| 19:57 | Build | Farm |
| 20:02 | Create | Villager (Male) |
| 20:14 | Build | House |
| 20:19 | Build | House |
| 20:21 | Create | Villager (Male) |
| 20:34 | Build | Farm |
| 20:38 | Build | Farm |
| 20:46 | Build | Farm |
| 20:56 | Build | House |
| 21:56 | Create | Villager (Male) |
| 21:57 | Create | Villager (Male) |
| 21:57 | Create | Villager (Male) |
| 21:58 | Create | Villager (Male) |
| 22:03 | Build | Farm |
| 22:05 | Build | Farm |
| 22:15 | Build | Farm |
| 22:18 | Build | Farm |
| 22:22 | Create | Villager (Male) |
| 22:22 | Create | Villager (Male) |
| 22:24 | Create | Villager (Male) |
| 22:32 | Create | Villager (Male) |
| 22:37 | Build | Farm |
| 22:41 | Build | Farm |
| 22:45 | Build | Farm |
| 22:52 | Build | Farm |
| 22:55 | Build | Farm |
| 23:01 | Build | Farm |
| 23:04 | Create | Villager (Male) |
| 23:05 | Create | Villager (Male) |
| 23:06 | Create | Villager (Male) |
| 23:12 | Build | Farm |
| 23:17 | Build | Farm |
| 23:30 | Create | Villager (Male) |
| 23:40 | Build | Farm |
| 23:41 | Create | Villager (Male) |
| 23:42 | Create | Villager (Male) |
| 23:43 | Create | Villager (Male) |
| 23:43 | Create | Villager (Male) |
| 23:48 | Build | House |
| 23:49 | Build | House |
| 23:53 | Build | House |
| 24:01 | Create | Villager (Male) |
| 24:33 | Build | Castle |
| 24:35 | Create | Villager (Male) |
| 24:35 | Create | Villager (Male) |
| 24:36 | Create | Villager (Male) |
| 24:37 | Create | Villager (Male) |
| 24:38 | Create | Villager (Male) |
| 24:38 | Create | Villager (Male) |
| 24:39 | Create | Villager (Male) |
| 24:40 | Create | Villager (Male) |
| 24:49 | Build | Farm |
| 24:53 | Build | Farm |
| 24:56 | Build | Farm |
| 25:09 | Build | Siege Workshop |
| 25:25 | Build | Stone Wall |
| 25:28 | Build | Gate |
| 25:47 | Build | University |
| 26:03 | Research | Bow Saw |
| 26:04 | Create | Villager (Male) |
| 26:04 | Create | Villager (Male) |
| 26:05 | Create | Villager (Male) |
| 26:05 | Create | Villager (Male) |
| 26:05 | Create | Villager (Male) |
| 26:06 | Create | Villager (Male) |
| 26:06 | Create | Villager (Male) |
| 26:06 | Create | Villager (Male) |
| 26:07 | Create | Villager (Male) |
| 26:07 | Create | Villager (Male) |
| 26:07 | Create | Villager (Male) |
| 26:08 | Create | Villager (Male) |
| 26:08 | Create | Villager (Male) |
| 26:08 | Create | Villager (Male) |
| 26:09 | Create | Villager (Male) |
| 26:09 | Create | Villager (Male) |
| 26:14 | Build | House |
| 26:15 | Build | House |
| 26:17 | Build | House |
| 26:33 | Create | Militia |
| 26:33 | Create | Militia |
| 26:33 | Create | Militia |
| 26:52 | Create | Battering Ram |
| 27:18 | Build | Siege Workshop |
| 27:36 | Build | Archery Range |
| 27:53 | Create | Villager (Male) |
| 27:53 | Create | Villager (Male) |
| 27:54 | Create | Villager (Male) |
Build order — NippurErrante
First 150 of 256 actions detected
| 0:03 | Create | Villager (Male) ×4 |
| 0:05 | Build | House |
| 0:07 | Build | House |
| 1:32 | Create | Villager (Male) |
| 2:02 | Create | Villager (Male) |
| 2:17 | Create | Villager (Male) |
| 2:57 | Create | Villager (Male) |
| 3:14 | Create | Villager (Male) |
| 3:34 | Build | House |
| 3:35 | Build | House |
| 3:38 | Create | Villager (Male) |
| 3:48 | Build | Lumber Camp |
| 4:02 | Create | Villager (Male) |
| 4:36 | Create | Villager (Male) |
| 5:06 | Create | Villager (Male) |
| 5:07 | Create | Villager (Male) |
| 5:19 | Build | Mill |
| 5:52 | Create | Villager (Male) |
| 5:53 | Create | Villager (Male) |
| 6:17 | Create | Villager (Male) |
| 6:17 | Create | Villager (Male) |
| 6:58 | Create | Villager (Male) |
| 7:09 | Build | Farm |
| 7:15 | Build | Lumber Camp |
| 7:52 | Create | Villager (Male) |
| 8:26 | Create | Villager (Male) |
| 8:48 | Research | Feudal Age |
| 8:56 | Build | House |
| 9:13 | Build | Barracks |
| 9:46 | Create | Villager (Male) |
| 9:47 | Create | Villager (Male) |
| 10:04 | Build | Farm |
| 11:01 | Age | Feudal Age |
| 11:05 | Build | Blacksmith |
| 11:15 | Build | Market |
| 12:10 | Research | Castle Age |
| 13:19 | Build | Stable |
| 14:50 | Age | Castle Age |
| 14:52 | Build | Town Center |
| 14:59 | Build | Town Center |
| 15:03 | Create | Villager (Male) |
| 15:03 | Create | Villager (Male) |
| 15:12 | Build | Farm |
| 15:16 | Build | Farm |
| 15:18 | Build | Farm |
| 15:19 | Build | Farm |
| 15:25 | Build | Farm |
| 15:42 | Create | Villager (Male) |
| 15:50 | Build | Farm |
| 16:01 | Create | Villager (Male) |
| 16:01 | Create | Villager (Male) |
| 16:06 | Build | Farm |
| 16:08 | Create | Villager (Male) |
| 16:37 | Create | Villager (Male) ×5 |
| 16:38 | Create | Villager (Male) ×2 |
| 16:42 | Build | Farm |
| 16:45 | Build | Farm |
| 16:50 | Build | Farm |
| 16:53 | Create | Villager (Male) |
| 17:06 | Build | House |
| 17:07 | Build | Palisade Wall |
| 17:10 | Create | Villager (Male) |
| 17:13 | Build | Farm |
| 17:18 | Build | Farm |
| 17:27 | Create | Villager (Male) |
| 17:31 | Build | Farm |
| 17:41 | Create | Villager (Male) |
| 17:48 | Build | Farm |
| 17:51 | Create | Villager (Male) |
| 17:56 | Build | Farm |
| 18:03 | Build | House |
| 18:04 | Build | House |
| 18:07 | Build | Farm |
| 18:10 | Research | Horse Collar |
| 18:13 | Create | Villager (Male) |
| 18:25 | Build | Farm |
| 18:26 | Create | Villager (Male) |
| 18:29 | Build | Farm |
| 18:34 | Build | Farm |
| 18:36 | Create | Villager (Male) |
| 18:40 | Create | Villager (Male) |
| 18:45 | Build | Farm |
| 18:52 | Create | Villager (Male) |
| 18:56 | Build | Farm |
| 19:01 | Build | Farm |
| 19:05 | Build | Farm |
| 19:07 | Create | Villager (Male) ×2 |
| 19:11 | Build | Farm |
| 19:15 | Create | Villager (Male) |
| 19:18 | Build | Farm |
| 19:23 | Build | House |
| 19:26 | Build | House |
| 19:28 | Create | Villager (Male) |
| 19:30 | Create | Villager (Male) |
| 19:35 | Build | Farm |
| 19:45 | Build | Farm |
| 19:50 | Build | Farm |
| 19:51 | Create | Villager (Male) ×2 |
| 19:52 | Create | Villager (Male) |
| 19:56 | Create | Villager (Male) |
| 20:04 | Build | House |
| 20:06 | Build | House |
| 20:08 | Create | Villager (Male) |
| 20:13 | Build | Farm |
| 20:20 | Build | Farm |
| 20:22 | Create | Villager (Male) ×3 |
| 20:33 | Research | Double-Bit Axe |
| 20:42 | Create | Villager (Male) |
| 20:53 | Research | Wheelbarrow |
| 21:05 | Build | Mining Camp |
| 21:09 | Create | Villager (Male) ×3 |
| 21:25 | Build | House |
| 21:27 | Build | House |
| 21:31 | Create | Villager (Male) |
| 21:39 | Build | Farm |
| 21:47 | Build | Farm |
| 21:51 | Build | Farm |
| 21:58 | Build | Farm |
| 22:02 | Create | Villager (Male) |
| 22:02 | Create | Villager (Male) |
| 22:10 | Create | Villager (Male) |
| 22:21 | Build | Town Center |
| 22:25 | Create | Villager (Male) |
| 22:26 | Create | Villager (Male) |
| 22:28 | Build | House |
| 22:30 | Build | House |
| 22:33 | Create | Villager (Male) |
| 22:33 | Create | Villager (Male) |
| 22:36 | Research | Hand Cart |
| 22:37 | Research | Loom |
| 22:41 | Research | Town Watch |
| 23:06 | Build | Mining Camp |
| 23:17 | Create | Villager (Male) ×5 |
| 23:28 | Build | House |
| 23:29 | Build | House |
| 23:30 | Build | House |
| 23:34 | Build | Palisade Wall |
| 23:48 | Create | Villager (Male) ×5 |
| 23:53 | Build | Farm |
| 23:53 | Build | Farm |
| 23:54 | Build | Farm |
| 23:55 | Build | Farm |
| 23:55 | Build | Farm |
| 24:05 | Build | Farm |
| 24:06 | Build | Farm |
| 24:07 | Build | Farm |
| 24:12 | Research | Heavy Plow |
| 24:16 | Create | Villager (Male) |
| 24:17 | Create | Villager (Male) |
| 24:32 | Build | Farm |
Build order — Esquilax
First 150 of 324 actions detected
| 0:03 | Create | Villager (Male) ×4 |
| 0:04 | Build | House |
| 0:07 | Build | House |
| 2:05 | Create | Villager (Male) |
| 2:05 | Create | Villager (Male) |
| 2:05 | Create | Villager (Male) |
| 2:35 | Build | Lumber Camp |
| 2:43 | Create | Villager (Male) |
| 3:07 | Create | Villager (Male) |
| 3:31 | Create | Villager (Male) |
| 4:14 | Create | Villager (Male) |
| 4:23 | Build | House |
| 4:32 | Build | Palisade Gate |
| 4:45 | Create | Villager (Male) |
| 4:52 | Build | Palisade Wall |
| 4:55 | Build | Palisade Wall |
| 4:58 | Build | Palisade Wall |
| 5:00 | Create | Villager (Male) |
| 5:19 | Build | Mill |
| 5:46 | Create | Villager (Male) |
| 6:07 | Create | Villager (Male) |
| 6:51 | Create | Villager (Male) |
| 6:51 | Create | Villager (Male) |
| 7:09 | Create | Villager (Male) |
| 7:09 | Create | Villager (Male) |
| 7:09 | Create | Villager (Male) |
| 7:27 | Create | Villager (Male) |
| 7:47 | Build | Palisade Wall |
| 8:54 | Create | Villager (Male) |
| 8:54 | Create | Villager (Male) |
| 9:38 | Create | Villager (Male) |
| 9:44 | Build | Mining Camp |
| 9:52 | Research | Feudal Age |
| 10:57 | Build | Farm |
| 10:58 | Build | Farm |
| 11:27 | Build | Farm |
| 11:31 | Build | Farm |
| 11:44 | Build | House |
| 12:02 | Age | Feudal Age |
| 12:03 | Create | Villager (Male) |
| 12:03 | Create | Villager (Male) |
| 12:08 | Build | Market |
| 12:39 | Create | Villager (Male) |
| 12:54 | Build | Blacksmith |
| 13:29 | Research | Castle Age |
| 14:03 | Research | Double-Bit Axe |
| 14:22 | Research | Horse Collar |
| 14:42 | Build | House |
| 14:44 | Build | House |
| 15:56 | Build | House |
| 16:01 | Build | House |
| 16:09 | Age | Castle Age |
| 16:19 | Build | Town Center |
| 16:29 | Build | Town Center |
| 16:33 | Build | Farm |
| 16:39 | Create | Villager (Male) |
| 16:40 | Create | Villager (Male) |
| 16:41 | Create | Villager (Male) |
| 16:42 | Create | Villager (Male) |
| 17:06 | Create | Villager (Male) |
| 17:12 | Build | Farm |
| 17:19 | Build | Farm |
| 17:42 | Build | Farm |
| 17:46 | Create | Villager (Male) |
| 17:46 | Create | Villager (Male) |
| 18:09 | Create | Villager (Male) |
| 18:19 | Build | Mill |
| 18:32 | Create | Villager (Male) |
| 18:32 | Create | Villager (Male) |
| 18:41 | Research | Heavy Plow |
| 18:47 | Create | Villager (Male) |
| 18:47 | Create | Villager (Male) |
| 18:52 | Build | Farm |
| 18:58 | Build | Farm |
| 19:07 | Create | Villager (Male) |
| 19:07 | Create | Villager (Male) |
| 19:13 | Build | Farm |
| 19:28 | Build | Farm |
| 19:30 | Create | Villager (Male) |
| 19:30 | Create | Villager (Male) |
| 19:34 | Build | Farm |
| 19:38 | Build | Farm |
| 19:43 | Build | Farm |
| 19:51 | Build | Farm |
| 19:56 | Build | Farm |
| 20:02 | Create | Villager (Male) |
| 20:03 | Create | Villager (Male) |
| 20:03 | Create | Villager (Male) |
| 20:20 | Build | Mill |
| 20:23 | Create | Villager (Male) |
| 20:23 | Create | Villager (Male) |
| 20:24 | Create | Villager (Male) |
| 20:29 | Build | Farm |
| 20:31 | Build | Farm |
| 20:51 | Research | Forging |
| 20:54 | Create | Villager (Male) |
| 20:54 | Create | Villager (Male) |
| 20:54 | Create | Villager (Male) |
| 20:55 | Create | Villager (Male) |
| 21:19 | Build | Barracks |
| 21:21 | Create | Villager (Male) |
| 21:22 | Create | Villager (Male) |
| 21:32 | Build | Farm |
| 21:32 | Build | Farm |
| 21:32 | Build | Farm |
| 21:38 | Build | Farm |
| 21:59 | Create | Villager (Male) |
| 21:59 | Create | Villager (Male) |
| 21:59 | Create | Villager (Male) |
| 22:04 | Build | Farm |
| 22:05 | Build | Farm |
| 22:10 | Build | Farm |
| 22:12 | Create | Villager (Male) ×5 |
| 22:20 | Create | Spearman |
| 22:20 | Create | Spearman |
| 22:30 | Build | House |
| 22:33 | Build | House |
| 22:35 | Build | House |
| 22:36 | Build | House |
| 22:44 | Create | Villager (Male) ×5 |
| 22:59 | Build | Town Center |
| 23:08 | Build | Farm |
| 23:16 | Build | Mill |
| 23:24 | Create | Villager (Male) |
| 23:24 | Create | Villager (Male) |
| 23:25 | Create | Villager (Male) |
| 23:25 | Create | Villager (Male) |
| 23:30 | Research | Bow Saw |
| 23:35 | Build | Farm |
| 23:35 | Build | Farm |
| 23:36 | Build | Farm |
| 23:36 | Build | Farm |
| 23:36 | Build | Farm |
| 23:37 | Build | Farm |
| 23:37 | Build | Farm |
| 23:38 | Build | Farm |
| 23:48 | Create | Villager (Male) |
| 23:48 | Create | Villager (Male) |
| 23:48 | Create | Villager (Male) |
| 23:58 | Build | Farm |
| 23:58 | Build | Farm |
| 24:00 | Build | Farm |
| 24:01 | Build | Farm |
| 24:15 | Build | Farm |
| 24:17 | Build | Farm |
| 24:34 | Create | Villager (Male) ×5 |
| 24:52 | Build | Castle |
| 24:58 | Research | Loom |
| 24:59 | Research | Wheelbarrow |
| 25:02 | Create | Villager (Male) |
Build order — =Vinke=
First 150 of 399 actions detected
| 0:04 | Create | Villager (Male) |
| 0:04 | Create | Villager (Male) |
| 0:06 | Build | House |
| 0:07 | Build | House |
| 0:19 | Create | Villager (Male) |
| 0:19 | Create | Villager (Male) |
| 1:48 | Create | Villager (Male) |
| 1:48 | Create | Villager (Male) |
| 1:52 | Create | Villager (Male) |
| 2:21 | Create | Villager (Male) |
| 3:02 | Build | House |
| 3:04 | Create | Villager (Male) |
| 3:04 | Create | Villager (Male) |
| 3:37 | Build | Lumber Camp |
| 3:48 | Create | Villager (Male) |
| 3:48 | Create | Villager (Male) |
| 4:11 | Create | Villager (Male) |
| 4:28 | Create | Villager (Male) |
| 5:06 | Create | Villager (Male) |
| 5:47 | Build | House |
| 6:07 | Create | Villager (Male) |
| 6:07 | Create | Villager (Male) |
| 6:08 | Create | Villager (Male) |
| 6:28 | Build | Mill |
| 7:17 | Create | Villager (Male) |
| 7:29 | Build | Mill |
| 8:07 | Create | Villager (Male) |
| 8:10 | Create | Villager (Male) |
| 8:58 | Research | Feudal Age |
| 9:06 | Build | Mining Camp |
| 9:35 | Build | Farm |
| 9:37 | Build | Farm |
| 9:46 | Build | Farm |
| 9:49 | Build | Farm |
| 9:53 | Build | Farm |
| 10:13 | Build | Farm |
| 11:01 | Create | Villager (Male) |
| 11:08 | Age | Feudal Age |
| 11:28 | Build | Market |
| 11:41 | Create | Villager (Male) |
| 12:07 | Build | Blacksmith |
| 12:56 | Research | Castle Age |
| 13:00 | Build | Farm |
| 13:06 | Research | Horse Collar |
| 13:36 | Research | Double-Bit Axe |
| 13:41 | Build | Farm |
| 13:44 | Create | Villager (Male) |
| 13:45 | Create | Villager (Male) |
| 13:52 | Build | House |
| 14:30 | Build | House |
| 15:36 | Age | Castle Age |
| 15:44 | Build | Town Center |
| 15:47 | Create | Villager (Male) |
| 15:47 | Create | Villager (Male) |
| 15:48 | Create | Villager (Male) |
| 16:00 | Research | Heavy Plow |
| 16:02 | Create | Villager (Male) |
| 16:03 | Create | Villager (Male) |
| 16:27 | Create | Villager (Male) |
| 16:27 | Create | Villager (Male) |
| 16:55 | Build | Town Center |
| 17:08 | Create | Villager (Male) |
| 17:09 | Create | Villager (Male) |
| 17:29 | Build | Farm |
| 17:32 | Create | Villager (Male) |
| 17:32 | Create | Villager (Male) |
| 17:40 | Build | Farm |
| 17:44 | Create | Villager (Male) |
| 17:44 | Create | Villager (Male) |
| 17:44 | Create | Villager (Male) |
| 17:57 | Build | Farm |
| 18:00 | Build | Farm |
| 18:05 | Build | Farm |
| 18:08 | Create | Villager (Male) |
| 18:09 | Create | Villager (Male) |
| 18:26 | Build | Farm |
| 18:37 | Create | Villager (Male) |
| 18:38 | Create | Villager (Male) |
| 18:38 | Create | Villager (Male) |
| 18:45 | Build | Farm |
| 18:50 | Create | Villager (Male) |
| 18:51 | Create | Villager (Male) |
| 19:00 | Build | Lumber Camp |
| 19:11 | Build | Farm |
| 19:13 | Build | Farm |
| 19:15 | Create | Villager (Male) |
| 19:15 | Create | Villager (Male) |
| 19:28 | Build | Farm |
| 19:32 | Build | Farm |
| 19:34 | Create | Villager (Male) |
| 19:34 | Create | Villager (Male) |
| 19:40 | Build | Farm |
| 19:43 | Build | Farm |
| 19:53 | Build | Monastery |
| 20:14 | Research | Gold Mining |
| 20:17 | Create | Villager (Male) |
| 20:17 | Create | Villager (Male) |
| 20:19 | Research | Loom |
| 20:23 | Build | House |
| 20:25 | Build | Farm |
| 21:06 | Build | House |
| 21:10 | Create | Monk |
| 21:11 | Create | Monk |
| 21:19 | Build | Barracks |
| 21:23 | Build | Farm |
| 21:27 | Build | Farm |
| 21:30 | Research | Wheelbarrow |
| 21:33 | Create | Villager (Male) |
| 21:33 | Create | Villager (Male) |
| 21:35 | Create | Villager (Male) |
| 21:36 | Create | Villager (Male) |
| 21:36 | Create | Villager (Male) |
| 21:47 | Build | House |
| 22:18 | Create | Villager (Male) |
| 22:18 | Create | Villager (Male) |
| 22:18 | Create | Villager (Male) |
| 22:24 | Build | House |
| 22:27 | Create | Villager (Male) |
| 22:27 | Create | Villager (Male) |
| 22:59 | Build | Stable |
| 23:03 | Build | House |
| 23:06 | Create | Villager (Male) |
| 23:07 | Create | Villager (Male) |
| 23:09 | Create | Villager (Male) |
| 23:09 | Create | Villager (Male) |
| 23:10 | Create | Villager (Male) |
| 23:10 | Create | Villager (Male) |
| 23:20 | Build | Farm |
| 23:24 | Build | Farm |
| 23:28 | Build | Farm |
| 23:43 | Build | House |
| 23:51 | Build | Stable |
| 23:59 | Build | Farm |
| 24:02 | Create | Villager (Male) |
| 24:08 | Build | Farm |
| 24:11 | Build | Farm |
| 24:15 | Build | House |
| 24:28 | Create | Knight |
| 24:29 | Create | Knight |
| 24:33 | Build | House |
| 24:35 | Create | Knight |
| 24:39 | Build | Farm |
| 24:43 | Build | House |
| 24:47 | Create | Villager (Male) |
| 24:47 | Create | Villager (Male) |
| 24:47 | Create | Villager (Male) |
| 24:58 | Build | Farm |
| 25:03 | Build | Farm |
| 25:06 | Build | Farm |
| 25:10 | Create | Monk |
Build order — acc0041
First 150 of 469 actions detected
| 0:31 | Create | Villager (Male) |
| 0:31 | Create | Villager (Male) |
| 0:32 | Create | Villager (Male) |
| 0:42 | Create | Villager (Male) |
| 0:43 | Create | Villager (Male) |
| 0:43 | Create | Villager (Male) |
| 1:56 | Create | Villager (Male) |
| 1:57 | Create | Villager (Male) |
| 1:57 | Create | Villager (Male) |
| 2:19 | Create | Villager (Male) |
| 2:19 | Create | Villager (Male) |
| 2:50 | Create | Villager (Male) |
| 2:50 | Create | Villager (Male) |
| 2:50 | Create | Villager (Male) |
| 3:06 | Create | Villager (Male) |
| 3:07 | Create | Villager (Male) |
| 3:07 | Create | Villager (Male) |
| 3:21 | Create | Villager (Male) |
| 3:21 | Create | Villager (Male) |
| 3:21 | Create | Villager (Male) |
| 3:33 | Build | Lumber Camp |
| 3:36 | Create | Villager (Male) |
| 3:37 | Create | Villager (Male) |
| 3:37 | Create | Villager (Male) |
| 4:36 | Create | Villager (Male) |
| 4:37 | Create | Villager (Male) |
| 4:39 | Create | Villager (Male) |
| 4:39 | Create | Villager (Male) |
| 4:39 | Create | Villager (Male) |
| 5:32 | Build | Mill |
| 5:39 | Create | Villager (Male) |
| 5:47 | Create | Villager (Male) |
| 6:15 | Create | Villager (Male) |
| 6:26 | Create | Villager (Male) |
| 6:37 | Create | Villager (Male) |
| 6:53 | Build | Mill |
| 6:54 | Create | Villager (Male) |
| 7:12 | Create | Villager (Male) |
| 7:36 | Build | Farm |
| 7:44 | Create | Villager (Male) |
| 8:41 | Research | Feudal Age |
| 8:47 | Build | Lumber Camp |
| 10:06 | Create | Villager (Male) |
| 10:06 | Create | Villager (Male) |
| 10:38 | Build | Mining Camp |
| 10:46 | Build | Farm |
| 10:47 | Build | Farm |
| 11:26 | Age | Feudal Age |
| 11:46 | Build | Market |
| 12:13 | Build | Blacksmith |
| 12:57 | Research | Castle Age |
| 13:02 | Build | Mining Camp |
| 13:27 | Research | Double-Bit Axe |
| 14:07 | Research | Horse Collar |
| 14:35 | Build | Farm |
| 14:41 | Build | Farm |
| 14:46 | Build | Farm |
| 15:27 | Create | Villager (Male) |
| 15:37 | Age | Castle Age |
| 15:40 | Build | Town Center |
| 15:42 | Create | Villager (Male) |
| 16:07 | Create | Villager (Male) |
| 16:10 | Research | Bow Saw |
| 16:31 | Create | Villager (Male) |
| 16:51 | Create | Villager (Male) |
| 16:57 | Create | Villager (Male) |
| 17:09 | Create | Villager (Male) |
| 17:22 | Build | Town Center |
| 17:27 | Build | Farm |
| 17:39 | Build | Stone Wall |
| 17:40 | Create | Villager (Male) |
| 17:46 | Build | Farm |
| 17:55 | Build | Farm |
| 17:56 | Create | Villager (Male) |
| 17:59 | Build | Farm |
| 18:14 | Build | Farm |
| 18:15 | Create | Villager (Male) |
| 18:26 | Build | Stone Wall |
| 18:30 | Build | Gate |
| 18:35 | Build | Farm |
| 18:38 | Build | Farm |
| 18:42 | Create | Villager (Male) |
| 18:44 | Build | Farm |
| 18:55 | Create | Villager (Male) |
| 19:03 | Build | Farm |
| 19:07 | Build | Farm |
| 19:15 | Create | Villager (Male) |
| 19:21 | Build | Farm |
| 19:22 | Create | Villager (Male) |
| 19:24 | Build | Farm |
| 19:34 | Build | Farm |
| 19:35 | Create | Villager (Male) |
| 19:50 | Create | Villager (Male) |
| 19:55 | Create | Villager (Male) |
| 19:57 | Build | Farm |
| 20:00 | Build | Farm |
| 20:08 | Create | Villager (Male) |
| 20:15 | Create | Villager (Male) |
| 20:21 | Create | Villager (Male) |
| 20:32 | Build | Barracks |
| 20:33 | Create | Villager (Male) |
| 20:41 | Create | Villager (Male) |
| 20:48 | Build | Farm |
| 20:49 | Create | Villager (Male) |
| 20:51 | Build | Farm |
| 20:52 | Create | Villager (Male) |
| 20:54 | Create | Villager (Male) |
| 21:07 | Research | Loom |
| 21:09 | Create | Villager (Male) |
| 21:11 | Build | Farm |
| 21:13 | Build | Farm |
| 21:19 | Create | Villager (Male) |
| 21:22 | Create | Villager (Male) |
| 21:26 | Build | Farm |
| 21:29 | Create | Villager (Male) |
| 21:36 | Build | Farm |
| 21:38 | Create | Villager (Male) |
| 21:50 | Create | Villager (Male) |
| 21:53 | Create | Villager (Male) |
| 21:55 | Create | Villager (Male) |
| 21:59 | Build | Farm |
| 22:01 | Build | Farm |
| 22:08 | Create | Villager (Male) |
| 22:10 | Build | Farm |
| 22:15 | Create | Villager (Male) |
| 22:22 | Create | Villager (Male) |
| 22:28 | Build | Castle |
| 22:29 | Create | Villager (Male) |
| 22:32 | Create | Villager (Male) |
| 22:36 | Build | Farm |
| 22:40 | Build | Farm |
| 22:43 | Build | Farm |
| 22:44 | Create | Villager (Male) |
| 22:49 | Create | Villager (Male) |
| 22:56 | Create | Villager (Male) |
| 23:03 | Build | Farm |
| 23:05 | Build | Farm |
| 23:08 | Build | Farm |
| 23:09 | Create | Villager (Male) |
| 23:17 | Create | Villager (Male) |
| 23:28 | Build | Town Center |
| 23:29 | Create | Villager (Male) |
| 23:33 | Create | Villager (Male) |
| 23:34 | Build | Farm |
| 23:36 | Create | Villager (Male) |
| 23:37 | Create | Villager (Male) |
| 23:41 | Build | Farm |
| 23:44 | Create | Villager (Male) |
| 23:49 | Build | Farm |
| 23:53 | Research | Wheelbarrow |
Build order — Lea
First 150 of 351 actions detected
| 0:01 | Create | Villager (Male) |
| 0:01 | Create | Villager (Male) |
| 0:02 | Create | Villager (Male) |
| 0:03 | Build | House |
| 0:04 | Build | House |
| 1:09 | Create | Villager (Male) |
| 1:23 | Create | Villager (Male) |
| 1:46 | Build | Lumber Camp |
| 1:51 | Build | Lumber Camp |
| 2:08 | Create | Villager (Male) |
| 2:08 | Create | Villager (Male) |
| 2:17 | Create | Villager (Male) |
| 2:53 | Create | Villager (Male) |
| 2:59 | Create | Villager (Male) |
| 3:29 | Build | House |
| 3:38 | Create | Villager (Male) |
| 3:52 | Build | Mill |
| 4:06 | Create | Villager (Male) |
| 4:23 | Create | Villager (Male) |
| 4:59 | Create | Villager (Male) |
| 5:14 | Create | Villager (Male) |
| 5:29 | Create | Villager (Male) |
| 5:45 | Build | House |
| 5:56 | Create | Villager (Male) |
| 6:30 | Create | Villager (Male) |
| 6:52 | Create | Villager (Male) |
| 6:54 | Create | Villager (Male) |
| 7:55 | Create | Villager (Male) |
| 8:02 | Build | Mining Camp |
| 8:26 | Research | Feudal Age |
| 9:50 | Build | House |
| 9:59 | Create | Villager (Male) |
| 9:59 | Create | Villager (Male) |
| 10:07 | Create | Villager (Male) |
| 10:36 | Age | Feudal Age |
| 10:37 | Build | Market |
| 10:42 | Build | Market |
| 10:44 | Create | Villager (Male) |
| 10:52 | Build | Blacksmith |
| 12:18 | Build | Farm |
| 12:30 | Research | Castle Age |
| 12:34 | Build | House |
| 13:07 | Research | Double-Bit Axe |
| 14:11 | Build | Farm |
| 14:12 | Build | Farm |
| 14:17 | Build | Farm |
| 14:17 | Build | Farm |
| 14:18 | Build | Farm |
| 14:18 | Build | Farm |
| 14:19 | Build | Farm |
| 14:55 | Create | Villager (Male) |
| 15:10 | Age | Castle Age |
| 15:13 | Build | Town Center |
| 15:18 | Build | Town Center |
| 15:19 | Create | Villager (Male) |
| 15:51 | Create | Villager (Male) |
| 16:07 | Build | Monastery |
| 16:08 | Create | Villager (Male) |
| 16:22 | Build | House |
| 16:23 | Create | Villager (Male) |
| 16:28 | Create | Villager (Male) |
| 16:40 | Create | Villager (Male) |
| 16:40 | Create | Villager (Male) |
| 16:44 | Create | Villager (Male) |
| 16:44 | Create | Villager (Male) |
| 16:51 | Create | Monk |
| 16:56 | Build | Farm |
| 17:07 | Create | Villager (Male) |
| 17:17 | Create | Villager (Male) |
| 17:19 | Build | House |
| 17:20 | Create | Villager (Male) |
| 17:22 | Build | Farm |
| 17:30 | Build | House |
| 17:31 | Create | Villager (Male) |
| 17:43 | Create | Villager (Male) |
| 17:49 | Build | Farm |
| 17:51 | Create | Villager (Male) |
| 18:02 | Build | Farm |
| 18:05 | Build | House |
| 18:06 | Create | Villager (Male) |
| 18:18 | Build | Town Center |
| 18:21 | Build | Farm |
| 18:22 | Create | Villager (Male) |
| 18:26 | Build | Farm |
| 18:28 | Create | Villager (Male) |
| 18:40 | Create | Villager (Male) |
| 18:42 | Build | Farm |
| 18:46 | Create | Villager (Male) |
| 18:46 | Create | Villager (Male) |
| 18:49 | Build | Farm |
| 18:52 | Build | House |
| 18:53 | Create | Villager (Male) |
| 19:03 | Build | Farm |
| 19:05 | Create | Villager (Male) |
| 19:14 | Build | Farm |
| 19:16 | Build | House |
| 19:17 | Create | Villager (Male) |
| 19:24 | Create | Villager (Male) |
| 19:32 | Build | Farm |
| 19:35 | Create | Villager (Male) |
| 19:40 | Build | Farm |
| 19:42 | Create | Villager (Male) |
| 19:47 | Build | House |
| 19:53 | Build | Farm |
| 19:56 | Create | Villager (Male) |
| 20:01 | Create | Villager (Male) |
| 20:08 | Create | Monk |
| 20:13 | Build | Farm |
| 20:16 | Build | House |
| 20:17 | Create | Villager (Male) |
| 20:17 | Create | Villager (Male) |
| 20:20 | Build | Farm |
| 20:23 | Create | Villager (Male) |
| 20:35 | Build | Farm |
| 20:36 | Create | Villager (Male) |
| 20:43 | Create | Villager (Male) |
| 20:50 | Build | Farm |
| 20:54 | Build | University |
| 20:57 | Create | Villager (Male) |
| 21:01 | Build | Farm |
| 21:03 | Create | Villager (Male) |
| 21:11 | Create | Villager (Male) |
| 21:18 | Build | Farm |
| 21:18 | Build | Farm |
| 21:22 | Build | Farm |
| 21:23 | Create | Villager (Male) |
| 21:25 | Create | Villager (Male) |
| 21:37 | Create | Villager (Male) |
| 21:37 | Create | Villager (Male) |
| 21:37 | Create | Villager (Male) |
| 21:46 | Create | Villager (Male) |
| 21:50 | Create | Villager (Male) |
| 21:55 | Create | Villager (Male) |
| 21:57 | Build | Farm |
| 21:59 | Build | Farm |
| 22:01 | Build | Farm |
| 22:05 | Create | Villager (Male) |
| 22:08 | Build | Farm |
| 22:10 | Build | Farm |
| 22:11 | Create | Villager (Male) |
| 22:13 | Build | House |
| 22:15 | Create | Villager (Male) |
| 22:26 | Create | Villager (Male) |
| 22:34 | Build | Mill |
| 22:35 | Build | Farm |
| 22:37 | Build | House |
| 22:38 | Create | Villager (Male) |
| 22:40 | Build | Farm |
| 22:42 | Create | Villager (Male) |
| 22:50 | Build | Farm |
Build order — jesica3344
First 150 of 350 actions detected
| 0:05 | Create | Villager (Male) |
| 0:05 | Create | Villager (Male) |
| 0:09 | Build | House |
| 0:38 | Build | House |
| 0:42 | Create | Villager (Male) |
| 0:42 | Create | Villager (Male) |
| 1:52 | Create | Villager (Male) |
| 1:53 | Create | Villager (Male) |
| 2:31 | Create | Villager (Male) |
| 3:05 | Create | Villager (Male) |
| 3:12 | Build | House |
| 3:23 | Create | Villager (Male) |
| 3:46 | Create | Villager (Male) |
| 4:00 | Create | Villager (Male) |
| 4:25 | Research | Loom |
| 4:30 | Build | Mill |
| 4:48 | Create | Villager (Male) |
| 5:20 | Create | Villager (Male) |
| 5:43 | Build | House |
| 5:51 | Create | Villager (Male) |
| 6:09 | Create | Villager (Male) |
| 6:45 | Build | Lumber Camp |
| 6:49 | Create | Villager (Male) |
| 6:56 | Create | Villager (Male) |
| 7:41 | Create | Villager (Male) |
| 8:03 | Create | Villager (Male) |
| 8:25 | Create | Villager (Male) |
| 9:10 | Build | House |
| 9:14 | Create | Villager (Male) |
| 9:40 | Research | Feudal Age |
| 9:46 | Build | Mining Camp |
| 10:03 | Build | House |
| 10:16 | Build | Farm |
| 10:17 | Build | Farm |
| 10:40 | Build | Farm |
| 10:42 | Build | Farm |
| 10:43 | Build | Farm |
| 10:44 | Build | Farm |
| 11:50 | Age | Feudal Age |
| 11:51 | Build | Barracks |
| 11:53 | Create | Villager (Male) |
| 11:54 | Create | Villager (Male) |
| 12:06 | Build | Farm |
| 12:07 | Build | Farm |
| 12:24 | Create | Villager (Male) |
| 12:50 | Build | Archery Range |
| 12:53 | Create | Villager (Male) |
| 13:11 | Build | Farm |
| 13:13 | Create | Villager (Male) |
| 13:39 | Create | Villager (Male) |
| 13:52 | Build | Blacksmith |
| 14:04 | Create | Villager (Male) |
| 14:29 | Research | Castle Age |
| 14:47 | Build | Mining Camp |
| 15:12 | Research | Double-Bit Axe |
| 15:14 | Research | Horse Collar |
| 15:27 | Build | Farm |
| 15:29 | Build | Farm |
| 15:55 | Build | Farm |
| 15:57 | Build | Farm |
| 16:02 | Build | Farm |
| 16:13 | Research | Stone Mining |
| 16:31 | Research | Gold Mining |
| 17:09 | Age | Castle Age |
| 17:12 | Create | Villager (Male) |
| 17:12 | Create | Villager (Male) |
| 17:37 | Build | Town Center |
| 17:39 | Create | Villager (Male) |
| 18:00 | Create | Villager (Male) |
| 18:29 | Create | Villager (Male) |
| 19:08 | Build | Town Center |
| 19:14 | Create | Villager (Male) |
| 19:25 | Create | Villager (Male) |
| 19:26 | Create | Villager (Male) |
| 19:34 | Create | Villager (Male) |
| 19:56 | Build | Farm |
| 19:59 | Create | Villager (Male) |
| 20:02 | Create | Villager (Male) |
| 20:07 | Build | House |
| 20:09 | Build | House |
| 20:14 | Create | Villager (Male) |
| 20:21 | Build | Farm |
| 20:32 | Create | Villager (Male) |
| 20:32 | Create | Villager (Male) |
| 20:37 | Create | Villager (Male) |
| 20:38 | Create | Villager (Male) |
| 20:48 | Create | Spearman |
| 20:52 | Create | Villager (Male) |
| 20:58 | Build | Farm |
| 20:59 | Build | Farm |
| 21:01 | Create | Villager (Male) |
| 21:07 | Create | Villager (Male) |
| 21:10 | Create | Villager (Male) |
| 21:15 | Build | Farm |
| 21:16 | Build | Farm |
| 21:18 | Build | Farm |
| 21:24 | Create | Villager (Male) |
| 21:29 | Create | Villager (Male) |
| 21:31 | Create | Villager (Male) |
| 21:56 | Create | Villager (Male) |
| 22:00 | Create | Villager (Male) |
| 22:03 | Create | Villager (Male) |
| 22:07 | Build | Farm |
| 22:08 | Build | Farm |
| 22:17 | Create | Villager (Male) |
| 22:20 | Create | Villager (Male) |
| 22:23 | Create | Villager (Male) |
| 22:24 | Build | Farm |
| 22:48 | Create | Villager (Male) |
| 22:50 | Create | Villager (Male) |
| 22:53 | Create | Villager (Male) |
| 23:00 | Build | Farm |
| 23:02 | Build | Farm |
| 23:03 | Build | Farm |
| 23:12 | Build | Castle |
| 23:26 | Create | Villager (Male) |
| 23:37 | Build | Farm |
| 23:38 | Build | Farm |
| 23:41 | Build | Farm |
| 23:42 | Build | Farm |
| 23:45 | Create | Villager (Male) |
| 23:47 | Create | Villager (Male) |
| 23:47 | Create | Villager (Male) |
| 23:57 | Research | Wheelbarrow |
| 24:02 | Build | House |
| 24:03 | Build | House |
| 24:04 | Build | House |
| 24:15 | Create | Villager (Male) |
| 24:16 | Create | Villager (Male) |
| 24:38 | Build | Town Center |
| 24:43 | Create | Villager (Male) |
| 25:05 | Create | Villager (Male) |
| 25:06 | Create | Villager (Male) |
| 25:13 | Create | Villager (Male) |
| 25:13 | Create | Villager (Male) |
| 25:15 | Create | Villager (Male) |
| 25:15 | Create | Villager (Male) |
| 25:29 | Build | Farm |
| 25:30 | Build | Farm |
| 25:31 | Build | Farm |
| 25:37 | Build | Farm |
| 25:38 | Build | Farm |
| 25:40 | Build | Farm |
| 25:58 | Research | Imperial Age |
| 26:05 | Create | Villager (Male) |
| 26:12 | Build | University |
| 26:20 | Create | Mangudai |
| 26:20 | Create | Mangudai |
| 26:37 | Research | Fletching |
| 26:48 | Create | Villager (Male) |
Build order — Gsamp
First 150 of 228 actions detected
| 1:33 | Build | House |
| 1:37 | Build | House |
| 1:51 | Create | Villager (Male) |
| 2:23 | Create | Villager (Male) |
| 2:23 | Create | Villager (Male) |
| 2:26 | Create | Villager (Male) |
| 3:37 | Create | Villager (Male) |
| 3:44 | Build | Lumber Camp |
| 3:56 | Create | Villager (Male) |
| 4:09 | Create | Villager (Male) |
| 4:37 | Create | Villager (Male) |
| 5:03 | Build | House |
| 5:12 | Create | Villager (Male) |
| 5:34 | Create | Villager (Male) |
| 5:56 | Create | Villager (Male) |
| 6:40 | Create | Villager (Male) |
| 6:55 | Create | Villager (Male) |
| 7:09 | Build | House |
| 7:14 | Build | House |
| 7:21 | Build | Mill |
| 7:33 | Create | Villager (Male) |
| 7:51 | Create | Villager (Male) |
| 8:59 | Create | Villager (Male) |
| 9:00 | Create | Villager (Male) |
| 9:12 | Create | Villager (Male) |
| 9:28 | Build | Farm |
| 9:29 | Build | Farm |
| 9:29 | Build | Farm |
| 9:30 | Build | Farm |
| 9:42 | Create | Villager (Male) |
| 10:09 | Build | House |
| 10:16 | Research | Feudal Age |
| 11:14 | Create | Villager (Male) ×5 |
| 11:36 | Build | Mining Camp |
| 12:27 | Age | Feudal Age |
| 12:40 | Research | Wheelbarrow |
| 13:10 | Build | Blacksmith |
| 13:39 | Build | Market |
| 14:14 | Build | House |
| 14:25 | Research | Double-Bit Axe |
| 14:29 | Create | Villager (Male) |
| 14:33 | Create | Villager (Male) |
| 14:34 | Create | Villager (Male) |
| 14:34 | Create | Villager (Male) |
| 14:36 | Research | Wheelbarrow |
| 15:10 | Build | Mill |
| 16:13 | Research | Castle Age |
| 16:50 | Build | House |
| 16:54 | Build | House |
| 16:58 | Build | House |
| 17:08 | Research | Wheelbarrow |
| 17:11 | Create | Villager (Male) |
| 17:11 | Create | Villager (Male) |
| 17:29 | Build | Farm |
| 17:30 | Build | Farm |
| 17:30 | Build | Farm |
| 17:31 | Build | Farm |
| 17:31 | Build | Farm |
| 17:32 | Build | Farm |
| 17:33 | Build | Farm |
| 17:33 | Build | Farm |
| 17:34 | Build | Farm |
| 17:37 | Build | Farm |
| 17:47 | Build | Farm |
| 18:43 | Build | Mining Camp |
| 18:53 | Age | Castle Age |
| 19:05 | Research | Bow Saw |
| 20:43 | Build | Town Center |
| 20:59 | Build | Lumber Camp |
| 21:17 | Create | Villager (Male) ×5 |
| 22:06 | Create | Villager (Male) ×5 |
| 22:07 | Create | Villager (Male) ×5 |
| 22:12 | Create | Villager (Male) |
| 22:12 | Create | Villager (Male) |
| 22:12 | Create | Villager (Male) |
| 22:12 | Create | Villager (Male) |
| 22:13 | Create | Villager (Male) |
| 22:13 | Create | Villager (Male) |
| 22:13 | Create | Villager (Male) |
| 22:56 | Build | Town Center |
| 23:20 | Research | Horse Collar |
| 24:06 | Build | Town Center |
| 24:33 | Research | Hand Cart |
| 24:42 | Research | Heavy Plow |
| 24:52 | Create | Villager (Male) ×5 |
| 25:47 | Create | Villager (Male) ×5 |
| 25:47 | Create | Villager (Male) |
| 25:53 | Build | Siege Workshop |
| 25:57 | Build | Barracks |
| 26:33 | Create | Villager (Male) |
| 26:33 | Create | Villager (Male) |
| 26:33 | Create | Villager (Male) |
| 26:34 | Create | Villager (Male) |
| 26:34 | Create | Villager (Male) |
| 26:47 | Create | Battering Ram ×5 |
| 27:07 | Build | House |
| 27:07 | Build | House |
| 27:10 | Build | House |
| 27:19 | Build | House |
| 27:20 | Build | House |
| 27:21 | Build | House |
| 27:22 | Build | House |
| 27:25 | Build | House |
| 27:26 | Build | House |
| 28:24 | Build | Castle |
| 28:28 | Build | Mining Camp |
| 28:38 | Create | Villager (Male) |
| 28:38 | Create | Villager (Male) |
| 28:38 | Create | Villager (Male) |
| 28:38 | Create | Villager (Male) |
| 28:39 | Create | Villager (Male) |
| 28:40 | Create | Villager (Male) |
| 28:40 | Create | Villager (Male) |
| 28:40 | Create | Villager (Male) |
| 28:41 | Create | Villager (Male) |
| 28:41 | Create | Villager (Male) |
| 28:41 | Create | Villager (Male) |
| 28:41 | Create | Villager (Male) |
| 28:42 | Create | Villager (Male) |
| 29:34 | Build | Farm |
| 29:34 | Build | Farm |
| 29:35 | Build | Farm |
| 29:35 | Build | Farm |
| 29:36 | Build | Farm |
| 29:37 | Build | Farm |
| 29:45 | Build | Mining Camp |
| 30:04 | Build | House |
| 30:05 | Build | House |
| 30:07 | Build | House |
| 30:08 | Build | House |
| 30:08 | Build | House |
| 30:10 | Build | House |
| 30:11 | Build | House |
| 30:12 | Build | House |
| 30:16 | Build | House |
| 30:17 | Build | House |
| 30:19 | Build | House |
| 30:20 | Build | House |
| 30:21 | Build | House |
| 30:22 | Build | House |
| 30:23 | Build | House |
| 30:27 | Build | House |
| 30:28 | Build | House |
| 30:31 | Build | House |
| 30:32 | Build | House |
| 30:42 | Create | Villager (Male) ×5 |
| 30:46 | Research | Wagenburg Tactics |
| 31:18 | Build | Farm |
| 31:19 | Build | Farm |
| 31:19 | Build | Farm |
Match timeline
| 4:52 | Esquilax · wall_segment Palisade Wall x1 |
| 4:55 | Esquilax · wall_segment Palisade Wall x1 |
| 4:58 | Esquilax · wall_segment Palisade Wall x1 |
| 7:47 | Esquilax · wall_segment Palisade Wall x1 |
| 9:13 | NippurErrante · first_building Barracks |
| 10:36 | Lea · age_up feudal |
| 11:01 | NippurErrante · age_up feudal |
| 11:08 | =Vinke= · age_up feudal |
| 11:26 | acc0041 · age_up feudal |
| 11:50 | jesica3344 · age_up feudal |
| 11:51 | jesica3344 · first_building Barracks |
| 12:01 | NippurErrante · first_market_sell 100 wood |
| 12:02 | Esquilax · age_up feudal |
| 12:09 | Data · age_up feudal |
| 12:27 | Gsamp · age_up feudal |
| 12:50 | jesica3344 · first_building Archery Range |
| 12:52 | acc0041 · first_market_sell 100 food |
| 13:19 | NippurErrante · first_building Stable |
| 14:50 | NippurErrante · age_up castle |
| 15:10 | Lea · age_up castle |
| 15:36 | =Vinke= · age_up castle |
| 15:37 | acc0041 · age_up castle |
| 16:01 | Data · first_building Barracks |
| 16:07 | Lea · first_building Monastery |
| 16:09 | Esquilax · age_up castle |
| 17:07 | NippurErrante · wall_segment Palisade Wall x1 |
| 17:09 | jesica3344 · age_up castle |
| 17:16 | Data · age_up castle |
| 17:39 | acc0041 · wall_segment Stone Wall x4 |
| 18:26 | acc0041 · wall_segment Stone Wall x5 |
| 18:53 | Gsamp · age_up castle |
| 19:53 | =Vinke= · first_building Monastery |
| 20:32 | acc0041 · first_building Barracks |
| 21:19 | Esquilax · first_building Barracks |
| 21:19 | =Vinke= · first_building Barracks |
| 21:22 | NippurErrante · first_market_buy 100 stone |
| 22:28 | acc0041 · first_building Castle |
| 22:59 | =Vinke= · first_building Stable |
| 23:12 | jesica3344 · first_building Castle |
| 23:34 | NippurErrante · wall_segment Palisade Wall x1 |
| 23:53 | Lea · first_market_buy 100 wood |
| 24:14 | acc0041 · wall_segment Stone Wall x16 |
| 24:33 | Data · first_building Castle |
| 24:49 | Lea · first_building Castle |
| 24:52 | Esquilax · first_building Castle |
| 25:09 | Data · first_building Siege Workshop |
| 25:11 | Esquilax · first_building Stable |
| 25:25 | Data · wall_segment Stone Wall x14 |
| 25:46 | NippurErrante · first_building Siege Workshop |
| 25:53 | Gsamp · first_building Siege Workshop |
| 25:57 | Gsamp · first_building Barracks |
| 26:50 | acc0041 · first_building Stable |
| 27:03 | =Vinke= · first_building Castle |
| 27:36 | Data · first_building Archery Range |
| 27:48 | Lea · first_building Barracks |
| 28:24 | Gsamp · first_building Castle |
| 29:10 | jesica3344 · first_building Stable |
| 29:13 | jesica3344 · age_up imperial |
| 29:15 | Lea · age_up imperial |
| 29:16 | acc0041 · age_up imperial |
| 29:23 | Data · first_building Monastery |
| 29:26 | NippurErrante · first_building Castle |
| 29:30 | Lea · first_building Siege Workshop |
| 29:41 | Esquilax · first_building Monastery |
| 30:02 | NippurErrante · age_up imperial |
| 31:06 | Esquilax · age_up imperial |
| 31:19 | Esquilax · first_building Siege Workshop |
| 32:02 | Gsamp · first_building Monastery |
| 32:15 | =Vinke= · first_building Archery Range |
| 32:29 | =Vinke= · age_up imperial |
| 33:27 | Data · wall_segment Stone Wall x6 |
| 34:48 | Data · resign |
| 36:03 | Esquilax · wall_segment Stone Wall x5 |
| 36:15 | Esquilax · first_market_buy 100 stone |
| 37:53 | Gsamp · wall_segment Stone Wall x13 |
| 37:56 | Gsamp · age_up imperial |
| 38:44 | Esquilax · first_building Archery Range |
| 39:19 | Esquilax · wall_segment Stone Wall x14 |
| 39:25 | Esquilax · wall_segment Stone Wall x1 |
| 39:55 | Esquilax · wall_segment Stone Wall x1 |
| 39:57 | Esquilax · wall_segment Stone Wall x1 |
| 41:15 | Lea · wall_segment Palisade Wall x2 |
| 41:18 | =Vinke= · first_market_sell 100 food |
[ AI ANALYSIS · 1 CREDIT ]
What really happened in this match?
Wolo.gg analyzes every decision: build order, eco, micro, common mistakes by bracket. Personalized analysis on WhatsApp or Discord in 30 seconds.
Civ guide
Celts
Map guide
Arena
Perfil
Jugador #868613